 Dungeon Crawl Stone Soup version 0.31.0-11-ge490571c62 (webtiles) character file.

Game seed: 14267318005038383072

2725 puppykicker the Cleaver (level 9, -9/111 HPs)
             Began as a Gnoll Cinder Acolyte on Jan 31, 2024.
             Was a High Priest of Ignis.
             Killed by vampiric draining
             ... invoked by a vampire
              (12 damage)
             ... on level 7 of the Dungeon.
             The game lasted 00:18:37 (7436 turns).

puppykicker the Cleaver (Gnoll Cinder Acolyte)      Turns: 7436, Time: 00:18:38

Health: -9/111     AC: 16    Str: 14    XL:     9   Next: 67%
Magic:  3/17       EV: 28    Int: 24    God:    Ignis [*****.]
Gold:   35         SH:  0    Dex: 10    Spells: 11/19 levels left

rFire   + . .        a - +4 dagger (elec)
rCold   . . .        (no shield)
rNeg    . . .        s - +0 robe
rPois   .            (no helmet)
rElec   .            q - +2 cloak {rCorr}
rCorr   +            x - +1 pair of gloves {Dex+3} {Dex+3}
SInv    .            E - +0 pair of boots
Will    .....        n - amulet of the acrobat Stlth
                     A - +6 ring of intelligence
HPRegen 0.38/turn    C - ring of resist corrosion
MPRegen 0.15/turn

%: acrobat
@: confused, berserking (expiring), acrobatic, fiery-armoured, very quick
A: fangs 1, strong nose, distributed training
a: Renounce Religion, Fiery Armour, Foxfire Swarm, Rising Flame


You were on level 7 of the Dungeon.
You worshipped Ignis.
Ignis was extremely pleased with you.
You visited 1 branch of the dungeon, and saw 7 of its levels.

You collected 417 gold pieces.
You spent 382 gold pieces at shops.

Inventory:

Hand Weapons
 a - a +4 dagger of electrocution (weapon)
 b - a +0 sling of freezing
 h - a -1 hand axe of flaming
 v - a +2 whip of venom
Armour
 q - a +2 cloak of preservation (worn)
 s - a +0 robe (worn)
 x - a +1 pair of gloves of dexterity (worn) {Dex+3}
 E - a +0 pair of boots (worn)
Jewellery
 n - an amulet of the acrobat (around neck)
 A - a +6 ring of intelligence (left hand)
 C - a ring of resist corrosion (right hand)
Wands
 i - a wand of flame (12)
Scrolls
 e - a scroll of fear
 f - a scroll of fog
 k - 2 scrolls of revelation
 l - a scroll of amnesia
 m - 3 scrolls of vulnerability {!r!r}
 t - 3 scrolls of teleportation
 u - a scroll of poison {unknown}
 B - a scroll of blinking {!r}
Potions
 d - a potion of might {unknown}
 g - 2 potions of curing {unknown}
 o - 2 potions of attraction {unknown}
 p - a potion of lignification {!q}
 r - 3 potions of heal wounds {unknown}
 w - 2 potions of invisibility {unknown}
 y - a potion of haste {unknown}
 z - 2 potions of cancellation {unknown}


   Skills:
 + Level 8.1 Fighting
 + Level 4.6 Short Blades
 + Level 4.6 Long Blades
 + Level 8.1 Axes
 + Level 4.6 Maces & Flails
 + Level 4.6 Polearms
 + Level 4.6 Staves
 + Level 4.6 Ranged Weapons
 + Level 4.6 Throwing
 + Level 4.6 Armour
 + Level 4.6 Dodging
 + Level 4.6 Stealth
 + Level 4.6 Shields
 + Level 4.6 Unarmed Combat
 + Level 5.5 Spellcasting
 + Level 3.8 Conjurations
 + Level 3.8 Hexes
 + Level 3.8 Summonings
 + Level 3.8 Necromancy
 + Level 3.8 Translocations
 + Level 6.7 Fire Magic
 + Level 3.8 Ice Magic
 + Level 3.8 Air Magic
 + Level 3.8 Earth Magic
 + Level 3.8 Alchemy
 + Level 5.1 Invocations
 + Level 4.6 Evocations
 + Level 4.2 Shapeshifting


You had 11 spell levels left.
You knew the following spells:

 Your Spells              Type           Power      Damage    Failure   Level
a - Necrotise             Necr           100%       1d9       1%          1
d - Magic Dart            Conj           100%       1d8       1%          1
g - Apportation           Tloc           50%        N/A       1%          1
j - Jinxbite              Hex            50%        N/A       2%          2
s - Sting                 Conj/Alch      100%       1d9       1%          1
z - Scorch                Fire           78%        2d8       1%          2

Your spell library contained the following spells:

 Spells                   Type           Power      Damage    Failure   Level
 Summon Small Mammal      Summ           100%       N/A       1%          1
 Searing Ray              Conj           50%        2d6       2%          2
 Fulminant Prism          Conj/Alch      12%        3d9       17%         4
 Alistair's Intoxication  Alch           16%        N/A       43%         5


Dungeon Overview and Level Annotations

Branches:
Dungeon (7/15)             Temple (0/1) D:5

Altars:
Fedhas
Hepliaklqana
Okawaru
Qazlal
Sif Muna
Trog
Wu Jian

Shops:
D:2 *   D:4 *


Innate Abilities, Weirdness & Mutations

You have very sharp teeth.
Your uncanny sense of smell can sniff out nearby items.
Your experience applies equally to all skills.


Message History

Unknown command.
You hit something but do no damage. Lightning courses through something!
Something draws life force from you!
* * * LOW HITPOINT WARNING * * *
You take 16 damage, and have 16/74 hp.
MASSIVE DAMAGE!!
Something hits you but does no damage. Something bites you.
* * * LOW HITPOINT WARNING * * *
Something draws strength from your injuries!
You take 2 damage, and have 14/74 hp.
Unknown command.
Aiming: Charm
Press: ? - help, Shift-Dir - straight line Nothing appears to happen.
Something hits you but does no damage. Something bites you but does no damage.
Aiming: Charm
Press: ? - help, Shift-Dir - straight line Nothing appears to happen.
The now-empty wand crumbles to dust.
Something hits you but does no damage. Something bites you!
* * * LOW HITPOINT WARNING * * *
Something draws strength from your injuries!
You take 10 damage, and have 4/74 hp.
Unknown command.
A red film seems to cover your vision as you go berserk!
You feel yourself moving faster!
You feel mighty! Something hits you.
* * * LOW HITPOINT WARNING * * *
Something bites you but does no damage.
You now have 2/111 hp.
You puncture something! Something hits you but does no damage.
Something barely misses you.
You puncture something! You barely miss something.
You hear some strange, mumbled words.
You are confused.
You bump into the rock wall.
You feel a strong urge to attack something.
You hear some strange, mumbled words.
Something tries to affect you, but you resist.
Something draws life force from you!
You die...

#### ##.##.
. ### #..#.#
#.
...###.##. .
..##..#.#.
#...#.##.#
###.#..#†#
#..#.#.#
##...{#....#
##.@.#.##..#
##....# #
#..#.#
##...# ##...
####


There were no monsters in sight!

Levels and vault maps discovered:
D:1:      spicycebolla_green_bress_n_ham_2, layout_rooms,
          hellmonk_ecumenical_altar_inner_sanctum, minmay_misc_feat_nine_boxes
D:2:      layout_loops_ring, serial_shops, shop, serial_undead, serial_undead_b,
          serial_undead_d, serial_undead_c, serial_undead_d, serial_undead_a,
          serial_undead_c
D:3:      layout_rooms, mainiacjoe_overflow_cross_hatched, saegor_snake_ambush
D:4:      cheibrodos_fertilizer, layout_loops_corners, serial_shops, shop,
          minmay_snake_closets
D:5:      layout_loops_ring, minmay_temple_entry_water_ring, serial_glass,
          glass_columns_c, glass_columns_b, glass_columns_c, glass_columns_c,
          glass_columns_a, glass_columns_c, glass_columns_c, glass_columns_c,
          sigmund_army
D:6:      layout_loops_corners, nicolae_overflow_crystal_walls
D:7:      minmay_the_grid_four_pointed_star
          [minmay_the_grid_triangle_9x9_corrupted_corridor,
          minmay_the_grid_triangle_9x9_thin_v,
          minmay_the_grid_triangle_9x9_intruding_spiral,
          minmay_the_grid_triangle_9x9_zippers_horizontal,
          minmay_the_grid_prize_inner_circle], layout_basic, uniq_menkaure

Notes
Turn   | Place    | Note
-------+----------+-------------------------------------------
     0 | D:1      | puppykicker the Gnoll Cinder Acolyte began the quest for
                  | the Orb.
     0 | D:1      | Reached XP level 1. HP: 23/23 MP: 4/4
    35 | D:1      | Identified a -1 hand axe of flaming
   122 | D:1      | Identified a +0 leather armour
   193 | D:1      | Reached XP level 2. HP: 29/29 MP: 5/5
   274 | D:1      | Identified a +4 dagger of electrocution
   281 | D:1      | Learned a level 2 spell: Scorch
   389 | D:1      | Found a faded altar of an unknown god.
   519 | D:1      | Identified a +0 dagger
   682 | D:2      | Identified a +0 dagger
   712 | D:2      | Identified a +0 dagger
   712 | D:2      | Identified a +0 robe
   717 | D:2      | Identified a +0 dagger
   717 | D:2      | Identified a +0 robe
   719 | D:2      | Reached skill level 1 in Short Blades
   719 | D:2      | Reached skill level 1 in Long Blades
   719 | D:2      | Reached skill level 1 in Maces & Flails
   719 | D:2      | Reached skill level 1 in Polearms
   719 | D:2      | Reached skill level 1 in Staves
   719 | D:2      | Reached skill level 1 in Ranged Weapons
   719 | D:2      | Reached skill level 1 in Throwing
   719 | D:2      | Reached skill level 1 in Armour
   719 | D:2      | Reached skill level 1 in Dodging
   719 | D:2      | Reached skill level 1 in Stealth
   719 | D:2      | Reached skill level 1 in Shields
   719 | D:2      | Reached skill level 1 in Unarmed Combat
   719 | D:2      | Reached skill level 1 in Invocations
   719 | D:2      | Reached skill level 1 in Evocations
   719 | D:2      | Reached XP level 3. HP: 23/35 MP: 2/7
   724 | D:2      | Reached skill level 3 in Spellcasting
   724 | D:2      | Reached skill level 1 in Shapeshifting
   724 | D:2      | Reached XP level 4. HP: 22/41 MP: 0/8
   726 | D:2      | Reached skill level 1 in Conjurations
   726 | D:2      | Reached skill level 1 in Hexes
   726 | D:2      | Reached skill level 1 in Summonings
   726 | D:2      | Reached skill level 1 in Necromancy
   726 | D:2      | Reached skill level 1 in Translocations
   726 | D:2      | Reached skill level 1 in Ice Magic
   726 | D:2      | Reached skill level 1 in Air Magic
   726 | D:2      | Reached skill level 1 in Earth Magic
   726 | D:2      | Reached skill level 1 in Alchemy
   743 | D:2      | Identified a +0 dagger
   743 | D:2      | Identified a +0 robe
   744 | D:2      | Identified a +0 dagger
   744 | D:2      | Identified a +0 robe
   761 | D:2      | Reached XP level 5. HP: 23/47 MP: 4/9
   980 | D:2      | Identified a +0 ring mail
  1080 | D:2      | Identified a +0 leather armour
  1097 | D:2      | Found Deaciene's Assorted Antiques.
  1105 | D:2      | Bought a scroll labelled JOELEP QIPTU for 18 gold pieces
  1105 | D:2      | Bought a scroll labelled JACUTE AM DEWEI for 18 gold pieces
  1186 | D:2      | Bought a scroll labelled IDAXZO BEIJIA for 18 gold pieces
  1240 | D:2      | Identified a +0 club
  1247 | D:2      | Identified an amulet of the acrobat
  1345 | D:2      | Identified a +0 club
  1353 | D:2      | Identified a +0 dagger
  1464 | D:2      | Identified a +0 club
  1561 | D:2      | Reached skill level 2 in Invocations
  1587 | D:2      | Identified a +0 rapier
  1680 | D:2      | Bought a golden potion for 16 gold pieces
  1680 | D:2      | Bought a glowing orange potion for 16 gold pieces
  1724 | D:3      | Identified a +0 club
  1781 | D:2      | Bought a white potion for 16 gold pieces
  1781 | D:2      | Identified 4 scrolls of identify
  1781 | D:2      | Identified 2 scrolls of teleportation
  1784 | D:2      | Identified 3 scrolls of vulnerability
  1830 | D:3      | Identified a +0 robe
  1874 | D:3      | Identified a +0 dagger
  1874 | D:3      | Identified a +0 sling
  2000 | D:3      | Reached XP level 6. HP: 48/53 MP: 11/11
  2031 | D:3      | Identified a +0 falchion
  2034 | D:3      | Identified a +0 club
  2036 | D:3      | Identified a +0 whip
  2036 | D:3      | Identified a +2 dagger of draining
  2036 | D:3      | Identified a +0 robe
  2037 | D:3      | Identified a +1 pair of gloves of dexterity
  2068 | D:3      | Reached skill level 2 in Short Blades
  2068 | D:3      | Reached skill level 2 in Long Blades
  2068 | D:3      | Reached skill level 2 in Maces & Flails
  2068 | D:3      | Reached skill level 2 in Polearms
  2068 | D:3      | Reached skill level 2 in Staves
  2068 | D:3      | Reached skill level 2 in Ranged Weapons
  2068 | D:3      | Reached skill level 2 in Throwing
  2068 | D:3      | Reached skill level 2 in Armour
  2068 | D:3      | Reached skill level 2 in Dodging
  2068 | D:3      | Reached skill level 2 in Stealth
  2068 | D:3      | Reached skill level 2 in Shields
  2068 | D:3      | Reached skill level 2 in Unarmed Combat
  2068 | D:3      | Reached skill level 2 in Evocations
  2206 | D:3      | Identified a +0 ring mail
  2277 | D:3      | Identified a +0 dagger
  2277 | D:3      | Identified a +0 robe
  2278 | D:3      | Identified a +0 club
  2279 | D:3      | Identified a +0 dagger of protection
  2279 | D:3      | Identified a +0 robe
  2280 | D:3      | Identified a +0 hand axe
  2408 | D:3      | Found an iron altar of Okawaru.
  2798 | D:4      | Reached skill level 2 in Shapeshifting
  3046 | D:4      | Identified a scroll of blinking
  3162 | D:4      | Reached skill level 7 in Fighting
  3162 | D:4      | Reached skill level 7 in Axes
  3162 | D:4      | Reached XP level 7. HP: 60/60 MP: 3/12
  3288 | D:4      | Identified a +0 club
  3288 | D:4      | Identified a +0 dagger
  3288 | D:4      | Identified a +0 dagger
  3288 | D:4      | Identified a +0 short sword
  3288 | D:4      | Identified a +0 dagger
  3379 | D:4      | Identified a +0 dagger
  3405 | D:4      | Reached skill level 2 in Conjurations
  3405 | D:4      | Reached skill level 2 in Hexes
  3405 | D:4      | Reached skill level 2 in Summonings
  3405 | D:4      | Reached skill level 2 in Necromancy
  3405 | D:4      | Reached skill level 2 in Translocations
  3405 | D:4      | Reached skill level 2 in Ice Magic
  3405 | D:4      | Reached skill level 2 in Air Magic
  3405 | D:4      | Reached skill level 2 in Earth Magic
  3405 | D:4      | Reached skill level 2 in Alchemy
  3408 | D:4      | Found a shimmering blue altar of Sif Muna.
  3408 | D:4      | Found an ornate altar of the Wu Jian Council.
  3408 | D:4      | Found a stormy altar of Qazlal.
  3408 | D:4      | Found a bloodstained altar of Trog.
  3408 | D:4      | Found a bloodstained altar of Trog.
  3408 | D:4      | Found a blossoming altar of Fedhas.
  3498 | D:4      | Identified a +0 robe
  3579 | D:4      | Identified a +0 short sword
  3651 | D:4      | Identified a +0 leather armour
  3709 | D:4      | Reached skill level 3 in Invocations
  3804 | D:4      | Identified a +0 club
  3960 | D:4      | Identified a +0 giant spiked club
  3971 | D:4      | Reached skill level 4 in Spellcasting
  4047 | D:4      | Reached skill level 6 in Fire Magic
  4049 | D:4      | Identified a +2 whip of venom
  4061 | D:4      | Found Xasununem's Assorted Antiques.
  4067 | D:4      | Bought a scroll labelled ZOUCLO FUECKEN for 33 gold pieces
  4233 | D:5      | Entered Level 5 of the Dungeon
  4237 | D:5      | Found a staircase to the Ecumenical Temple.
  4240 | D:5      | Identified a +0 falchion
  4240 | D:5      | Identified a +0 leather armour
  4240 | D:5      | Identified a +0 club
  4240 | D:5      | Identified a +0 leather armour
  4250 | D:5      | Identified a +0 dagger
  4256 | D:5      | Identified a +0 hand axe
  4257 | D:5      | Reached skill level 3 in Short Blades
  4257 | D:5      | Reached skill level 3 in Long Blades
  4257 | D:5      | Reached skill level 3 in Maces & Flails
  4257 | D:5      | Reached skill level 3 in Polearms
  4257 | D:5      | Reached skill level 3 in Staves
  4257 | D:5      | Reached skill level 3 in Ranged Weapons
  4257 | D:5      | Reached skill level 3 in Throwing
  4257 | D:5      | Reached skill level 3 in Armour
  4257 | D:5      | Reached skill level 3 in Dodging
  4257 | D:5      | Reached skill level 3 in Stealth
  4257 | D:5      | Reached skill level 3 in Shields
  4257 | D:5      | Reached skill level 3 in Unarmed Combat
  4257 | D:5      | Reached skill level 3 in Evocations
  4257 | D:5      | Reached XP level 8. HP: 67/67 MP: 4/14
  4337 | D:5      | Identified a +0 giant club
  4530 | D:5      | Identified a +6 ring of intelligence
  4577 | D:5      | Identified a +0 dagger
  4577 | D:5      | Identified a +0 ring mail
  4741 | D:5      | Identified a +0 scythe
  4741 | D:5      | Identified a +0 robe
  4742 | D:5      | Identified a +0 scythe
  4742 | D:5      | Identified a +0 robe
  4838 | D:5      | Identified a +0 club
  4838 | D:5      | Identified a +0 leather armour
  4841 | D:5      | Identified a +0 short sword
  4841 | D:5      | Identified a +0 ring mail
  4845 | D:5      | Identified a +0 club
  4983 | D:5      | Identified a +0 spear
  5015 | D:5      | Identified a +0 trident
  5089 | D:5      | Identified 2 potions of berserk rage
  5153 | D:5      | Identified a +0 leather armour
  5276 | D:6      | Identified a +0 orcbow
  5278 | D:6      | HP: 13/67 [centaur/arrow (13)]
  5280 | D:6      | HP: 6/67 [iguana (8)]
  5286 | D:6      | Reached skill level 3 in Shapeshifting
  5500 | D:6      | Identified a ring of resist corrosion
  5532 | D:6      | Identified a +0 pair of boots
  5726 | D:6      | Identified a +0 flail
  5738 | D:6      | Learned a level 1 spell: Apportation
  5741 | D:6      | Learned a level 2 spell: Jinxbite
  5743 | D:6      | Learned a level 1 spell: Necrotise
  5745 | D:6      | Learned a level 1 spell: Sting
  5953 | D:6      | Identified a +0 hand axe
  5975 | D:6      | Found a hazy altar of Hepliaklqana.
  5980 | D:6      | Identified a +0 giant spiked club
  5983 | D:6      | Reached skill level 3 in Conjurations
  5983 | D:6      | Reached skill level 3 in Hexes
  5983 | D:6      | Reached skill level 3 in Summonings
  5983 | D:6      | Reached skill level 3 in Necromancy
  5983 | D:6      | Reached skill level 3 in Translocations
  5983 | D:6      | Reached skill level 3 in Ice Magic
  5983 | D:6      | Reached skill level 3 in Air Magic
  5983 | D:6      | Reached skill level 3 in Earth Magic
  5983 | D:6      | Reached skill level 3 in Alchemy
  5983 | D:6      | Reached skill level 4 in Invocations
  6094 | D:6      | Identified a +0 ring mail
  6158 | D:6      | Identified a +0 dagger
  6158 | D:6      | Identified a +0 robe
  6159 | D:6      | Identified a +0 falchion
  6159 | D:6      | Identified a +0 leather armour
  6160 | D:6      | Identified a +0 hand axe
  6479 | D:7      | Reached XP level 9. HP: 73/73 MP: 9/16
  6484 | D:7      | Reached skill level 4 in Short Blades
  6484 | D:7      | Reached skill level 4 in Long Blades
  6484 | D:7      | Reached skill level 4 in Maces & Flails
  6484 | D:7      | Reached skill level 4 in Polearms
  6484 | D:7      | Reached skill level 4 in Staves
  6484 | D:7      | Reached skill level 4 in Ranged Weapons
  6484 | D:7      | Reached skill level 4 in Throwing
  6484 | D:7      | Reached skill level 4 in Armour
  6484 | D:7      | Reached skill level 4 in Dodging
  6484 | D:7      | Reached skill level 4 in Stealth
  6484 | D:7      | Reached skill level 4 in Shields
  6484 | D:7      | Reached skill level 4 in Unarmed Combat
  6484 | D:7      | Reached skill level 4 in Evocations
  6678 | D:4      | Bought a glowing cloak for 247 gold pieces
  6678 | D:4      | Identified a +2 cloak of preservation (You bought it in a
                  | shop on level 4 of the Dungeon)
  6688 | D:4      | Identified 2 scrolls of fear
  6689 | D:4      | Identified a scroll of brand weapon
  6690 | D:4      | Identified 2 scrolls of noise
  6693 | D:4      | Identified 2 scrolls of fog
  6813 | D:7      | Noticed a komodo dragon
  6819 | D:7      | Killed a komodo dragon
  6820 | D:7      | Reached skill level 5 in Spellcasting
  6974 | D:7      | Identified a +0 dagger
  6974 | D:7      | Identified a +0 robe
  6975 | D:7      | Identified a +0 dagger
  6975 | D:7      | Identified a +0 robe
  6975 | D:7      | Identified a +0 dagger
  6975 | D:7      | Identified a +0 robe
  6977 | D:7      | Identified a +0 mace
  6977 | D:7      | Identified a +0 leather armour
  7157 | D:7      | Identified a +0 orcbow
  7209 | D:7      | Reached skill level 8 in Fighting
  7209 | D:7      | Reached skill level 8 in Axes
  7209 | D:7      | Reached skill level 4 in Shapeshifting
  7218 | D:7      | Identified a +0 shortbow
  7222 | D:7      | Noticed a troll
  7227 | D:7      | Noticed a boulder beetle
  7229 | D:7      | Killed a troll
  7230 | D:7      | Reached skill level 5 in Invocations
  7230 | D:7      | Noticed a cyclops
  7402 | D:7      | Identified a +0 robe
  7406 | D:7      | Learned a level 1 spell: Magic Dart
  7426 | D:7      | HP: 16/74 [something (16)]
  7429 | D:7      | HP: 4/74 [something (10)]
  7436 | D:7      | Killed from afar by a vampire

Table legend: (Time is in decaauts)
 A = Elapsed time spent in this place.
 B = Non-inter-level travel time spent in this place.
 C = Inter-level travel time spent in this place.
 D = Time resting spent in this place.
 E = Time spent auto-exploring this place.
 F = Levels seen in this place.
 G = Mean time per level.
                   A        B        C        D        E       F      G
               +--------+--------+--------+--------+--------+-----+--------+
         Total |   7467 |   6831 |    636 |   1817 |   3958 |   7 | 1066.7 |
       Dungeon |   7467 |   6831 |    636 |   1817 |   3958 |   7 | 1066.7 |
               +--------+--------+--------+--------+--------+-----+--------+

Top non-repeatable levels by time:
     D:4: 1702 daAuts
     D:6: 1247 daAuts
     D:2: 1131 daAuts
     D:5: 1027 daAuts
     D:3: 874 daAuts
     D:7: 801 daAuts
     D:1: 683 daAuts

Table legend:
 A = Kills in this place as a percentage of kills in the entire game.
 B = Kills by you in this place as a percentage of kills by you in the entire game.
 C = Kills by friends in this place as a percentage of kills by friends in the entire game.
 D = Other kills in this place as a percentage of other kills in the entire game.
 E = Experience gained in this place as a percentage of experience gained in the entire game.
 F = Experience gained in this place divided by the number of levels of this place that you have seen.
                   A       B       C       D       E      F
               +-------+-------+-------+-------+-------+----------------------
         Total | 100.0 | 100.0 |   N/A |   N/A | 100.0 | 556.1
       Dungeon | 100.0 | 100.0 |   N/A |   N/A | 100.0 | 556.1
               +-------+-------+-------+-------+-------+----------------------

Skill      XL: |  1  2  3  4  5  6  7  8  9 |
---------------+----------------------------+-----
Short Blades   | 1 2 3 4 |  4.6
Long Blades    | 1 2 3 4 |  4.6
Maces & Flails | 1 2 3 4 |  4.6
Polearms       | 1 2 3 4 |  4.6
Staves         | 1 2 3 4 |  4.6
Ranged Weapons | 1 2 3 4 |  4.6
Throwing       | 1 2 3 4 |  4.6
Armour         | 1 2 3 4 |  4.6
Dodging        | 1 2 3 4 |  4.6
Stealth        | 1 2 3 4 |  4.6
Shields        | 1 2 3 4 |  4.6
Unarmed Combat | 1 2 3 4 |  4.6
Invocations    | 1 2 3 4 5 |  5.1
Evocations     | 1 2 3 4 |  4.6
Spellcasting   | 3 4 5 |  5.5
Shapeshifting  | 1 2 3 4 |  4.2
Conjurations   | 1 2 3 |  3.8
Hexes          | 1 2 3 |  3.8
Summonings     | 1 2 3 |  3.8
Necromancy     | 1 2 3 |  3.8
Translocations | 1 2 3 |  3.8
Ice Magic      | 1 2 3 |  3.8
Air Magic      | 1 2 3 |  3.8
Earth Magic    | 1 2 3 |  3.8
Alchemy        | 1 2 3 |  3.8
Fighting       | 7 8 |  8.1
Axes           | 7 8 |  8.1
Fire Magic     | 6 |  6.7

Action                     |  1- 3 |  4- 6 |  7- 9 || total
---------------------------+-------+-------+-------++-------
  Melee: Hand axe          |    22 |       |       ||    22
         Bite              |     3 |     8 |    12 ||    23
         Dagger            |    24 |   100 |    74 ||   198
         Punch             |       |     2 |     1 ||     3
         Whip              |       |       |     6 ||     6
   Fire: Sling             |       |    21 |    71 ||    92
   Cast: Scorch            |    10 |    48 |    93 ||   151
         Sting             |       |       |     6 ||     6
         Necrotise         |       |       |     2 ||     2
         Magic Dart        |       |       |     1 ||     1
         Jinxbite          |       |       |     1 ||     1
 Invoke: Fiery Armour      |       |       |     2 ||     2
  Evoke: Wand              |       |       |     4 ||     4
    Use: Scroll            |       |     5 |     8 ||    13
         Potion            |       |       |     2 ||     2
   Stab: Sleeping          |       |     1 |     1 ||     2
 Armour: Robe              |    32 |    68 |    91 ||   191
  Dodge: Dodged            |    38 |    76 |    86 ||   200

Vanquished Creatures
  A komodo dragon (D:7)
  A troll (D:7)
  A slime creature (D:7)
  2 water moccasins
  2 sky beasts (D:7)
  A black bear (D:5)
  3 ogres
  2 centaurs
  2 phantoms
  A bullfrog (D:7)
  2 scorpions (D:6)
  A howler monkey (D:5)
  A bombardier beetle (D:5)
  A hound (D:6)
  An orc priest (D:3)
  2 jellies (D:4)
  4 iguanas
  2 sleepcaps
  11 orc wizards
  13 adders
  2 shadow imps (D:6)
  2 adder zombies (D:2)
  2 adder skeletons (D:2)
  2 ribbon worms (D:2)
  16 orcs
  15 ball pythons
  A bat skeleton (D:2)
  A bat zombie (D:2)
  14 endoplasms
  2 giant cockroaches
  5 goblins
  6 hobgoblins
  5 quokkas
  A ball python skeleton (D:2)
  A ball python zombie (D:2)
  6 bats
  4 frilled lizards
  A giant cockroach zombie (D:2)
  8 kobolds
  4 rats
152 creatures vanquished.

Vanquished Creatures (others)
  A wraith (D:7)
1 creature vanquished.

Grand Total: 153 creatures vanquished
